 Dungeon Crawl Stone Soup version 0.20.2-3-g29329e0561 (webtiles) character file.

124 Alfie the Skirmisher (level 5, 0/46 HPs)
             Began as a Hill Orc Fighter on July 12, 2023.
             Killed from afar by an orc wizard (2 damage)
             ... with a puff of flame
             ... on level 3 of the Dungeon.
             The game lasted 00:04:41 (1724 turns).

Alfie the Skirmisher (Hill Orc Fighter)             Turns: 1724, Time: 00:04:41

Health: 0/46       AC:  9    Str: 22    XL:     5   Next: 8%
Magic:  5/5        EV:  8    Int:  8    God:
Gold:   153        SH: 13    Dex: 10    Spells: 4/4 levels left

rFire    + . .     SeeInvis .   a - +0 rapier
rCold    + . .     Gourm    .   c - +0 shield
rNeg     . . .     Faith    .   b - +0 scale mail
rPois    +         Spirit   .   e - +0 helmet
rElec    +         Reflect  .   (no cloak)
rCorr    +         Harm     .   (no gloves)
MR       .....                  n - +0 pair of boots
Stlth    ..........             (no amulet)
Regen    0.2/turn               h - +1 ring of evasion
MPRegen  0.1/turn               i - +2 ring of strength

@: resistant
A: talons 1, large bone plates 1
a: Convert to Beogh


You were on level 3 of the Dungeon.
You were not hungry.

You visited 1 branch of the dungeon, and saw 3 of its levels.

You collected 153 gold pieces.

Inventory:

Hand Weapons
 a - a +0 rapier (weapon)
Missiles
 o - 3 tomahawks (quivered)
Armour
 b - a +0 scale mail (worn)
 c - a +0 shield (worn)
 e - a +0 helmet (worn)
 n - a +0 pair of boots (worn)
Jewellery
 h - a +1 ring of evasion (left hand)
 i - a +2 ring of strength (right hand)
Scrolls
 j - a scroll of random uselessness {unknown}
Potions
 d - a potion of might
 p - a potion of magic {unknown}
Comestibles
 f - a bread ration


   Skills:
 + Level 4.2 Fighting
 + Level 3.1 Short Blades
 + Level 0.3 Throwing
 + Level 4.0 Armour
 + Level 0.5 Dodging
 + Level 4.1 Shields


You had 4 spell levels left.
You didn't know any spells.

Dungeon Overview and Level Annotations

Branches:
Dungeon (3/15)

Altars:
Ashenzari
Fedhas


Innate Abilities, Weirdness & Mutations

You have sharp toenails.
You are partially covered in large bone plates. (SH +4)


Message History

The orc wizard gestures wildly while chanting.
The orc wizard blinks!
The orc priest shouts, "Join the one true god or die!"
You hit the goblin.
You kill the goblin!
The orc wizard miscasts a cantrip.
The orc priest hits you but does no damage.
The orc wizard casts a spell at you. The magic dart hits you!
The orc wizard casts a spell.
The orc wizard blinks!
The orc priest mumbles some strange prayers to Beogh against you.
Pain shoots through your body!
* * * LOW HITPOINT WARNING * * *
The orc wizard hits you but does no damage.
You see here a club.
You barely miss the orc priest.
The orc wizard points at you and mumbles some strange words.
The puff of flame hits you! You resist.
You die...

###### #...##..
...##.. ......
#...#### .#.# ..
...... g..... ......
...... ......
####################
#.....
#..o.)..............
.....?
#..#@o.#...#...#...#
......
#_..................
#..#...#ยง..#...#...#
#..........o........
####################


You could see an orc priest and 2 orc wizards.

Vanquished Creatures
  An orc wizard (D:3)
  A gnoll (D:3)
  2 adders (D:2)
  A dart slug (D:1)
  3 leopard geckos
  7 orcs (D:3)
  5 bats
  3 giant cockroaches
  6 goblins
  6 hobgoblins
  A quokka (D:2)
  A ball python (D:2)
  12 kobolds
  6 rats
55 creatures vanquished.

Notes
Turn   | Place    | Note
-------+----------+-------------------------------------------
     0 | D:1      | Alfie the Hill Orc Fighter began the quest for the Orb.
     0 | D:1      | Reached XP level 1. HP: 19/19 MP: 1/1
   196 | D:1      | Reached XP level 2. HP: 25/27 MP: 2/2
   982 | D:2      | Reached XP level 3. HP: 33/33 MP: 3/3
  1256 | D:2      | Found a shattered altar of Ashenzari.
  1314 | D:2      | Reached XP level 4. HP: 33/40 MP: 4/4
  1682 | D:3      | Noticed a centaur
  1688 | D:3      | Reached XP level 5. HP: 29/46 MP: 5/5
  1693 | D:3      | HP: 1/46 [gnoll/spear (3)]
  1697 | D:3      | Gained mutation: You have sharp toenails. [potion of mutation]
  1697 | D:3      | Gained mutation: You are partially covered in large bone plates. (SH +4) [potion of mutation]
  1707 | D:3      | Found a blossoming altar of Fedhas.
  1723 | D:3      | HP: 2/46 [orc priest/nerve-wracking pain (3)]
  1724 | D:3      | Killed from afar by an orc wizard

Skill      XL: |  1  2  3  4 |
---------------+-------------+-----
Fighting       | 4 |  4.2
Shields        | 4 |  4.1
Short Blades   | 3 |  3.1
Armour         | 4 |  4.0
Throwing       | |  0.3
Dodging        | |  0.5

Action                   |  1- 3 |  4- 6 || total
-------------------------+-------+-------++-------
Melee: Rapier            |   110 |    83 ||   193
Throw: Tomahawk          |       |     2 ||     2
  Use: Scroll            |     1 |     3 ||     4
       Potion            |       |     3 ||     3
  Eat: Bread ration      |     1 |       ||     1
Armor: Scale mail        |    61 |    26 ||    87
Dodge: Dodged            |    30 |    32 ||    62
Block: Shield            |    49 |    61 ||   110
